 Dungeon Crawl Stone Soup version 0.30-a0-1053-gbd8d5ba0ad (webtiles) character file.

Game seed: 14195746431339592825

37 retardedninja the Trooper (level 3, -1/34 HPs)
             Began as a Naga Fighter on Apr 11, 2023.
             Splashed by a jelly's acid (8 damage)
             ... on level 2 of the Dungeon.
             The game lasted 00:00:57 (1410 turns).

retardedninja the Trooper (Naga Fighter)            Turns: 1410, Time: 00:00:59

Health: -1/34      AC: -3    Str: 20    XL:     3   Next: 39%
Magic:  3/3        EV:  7    Int:  8    God:
Gold:   48         SH:  4    Dex: 10    Spells: 2/2 levels left

rFire   . . .      SeeInvis +    a - +0 war axe
rCold   . . .      Faith    .    c - +0 buckler
rNeg    . . .      Spirit   .    b - +0 scale mail
rPois   +          Reflect  .    (no helmet)
rElec   .          Rampage  .    (no cloak)
rCorr   .                        (no gloves)
Will    .....                    (no barding) Stlth
                                 (no amulet)
HPRegen 0.25/turn                (no ring)
MPRegen 0.08/turn                (no ring)

@: corroded, very slow
A: AC +1, large, see invisible, deformed body, poison resistance, slowness 2,
spit poison 1, naga tail 1
a: Spit Poison


You were on level 2 of the Dungeon.
You visited 1 branch of the dungeon, and saw 2 of its levels.

You collected 48 gold pieces.

Inventory:

Hand Weapons
 a - a +0 war axe (weapon)
Armour
 b - a +0 scale mail (worn)
 c - a +0 buckler (worn)
Jewellery
 h - a +5 ring of evasion
 i - an amulet of regeneration
Scrolls
 e - 2 scrolls of vulnerability {unknown}
 g - a scroll of identify {unknown}
 j - a scroll of teleportation {unknown}
Potions
 d - a potion of might


   Skills:
 + Level 3.2 Fighting
 * Level 2.8 Axes
 + Level 2.6 Armour
 + Level 3.0 Shields


You had 2 spell levels left.
You didn't know any spells.
Your spell library contained the following spells:

 Spells                   Type           Power      Damage    Failure   Level
 Ensorcelled Hibernation  Hex/Ice        0%         N/A       93%         2
 Passwall                 Tmut/Erth      0%         N/A       93%         2
 Swiftness                Air            0%         N/A       99%         3


Dungeon Overview and Level Annotations

Branches:
Dungeon (2/15)

Altars:


Innate Abilities, Weirdness & Mutations

Your serpentine skin is tough. (AC +1)
You have supernaturally acute eyesight. (SInv)
Armour fits poorly on your strangely shaped body.
Your system is resistant to poisons. (rPois)
You cover ground very slowly.
You can spit poison.
You have a snake-like lower body.


Message History

The bat is moderately wounded.
The bat closely misses you.
There are monsters nearby!
You slash the endoplasm!
You kill the endoplasm!
There are monsters nearby!
You closely miss the bat.
The bat is moderately wounded.
You closely miss the rat. The bat hits you but does no damage.
The bat hits you. The rat barely misses you. You block the rat's attack.
There are monsters nearby!
You slash the bat!
You kill the bat!
You hit the rat.
You kill the rat!
Your Shields skill increases to level 3!
You hit the jelly. The acid corrodes you!
Your hands burn!
The jelly is moderately wounded.
You block the jelly's attack. The jelly barely misses you.
A jelly is nearby!
You hit the jelly.
Your hands burn!
The jelly is moderately wounded.
The jelly hits you.
You are splashed with acid!
A jelly is nearby!
You are too injured to fight recklessly!
A jelly is nearby!
You are too injured to fight recklessly!
You are too injured to fight recklessly!
The jelly hits you.
You are splashed with acid!
* * * LOW HITPOINT WARNING * * *
It was a potion of curing.
You feel better. The jelly hits you.
You are splashed with acid!
* * * LOW HITPOINT WARNING * * *
You slash the jelly!
Your hands burn!
* * * LOW HITPOINT WARNING * * *
The jelly is almost dead.
You block the jelly's attack. The jelly hits you.
* * * LOW HITPOINT WARNING * * *
The acid corrodes you!
You are splashed with acid!
You die...

........## ...
..........#...
.[.......<#.. .
............ ..
........... #.#
>......... ..?#
#.......J##....#
#......@.(....#
.###.....##....#
........†# ...#
.....###.## .##
#...# #†.###.##
#.....##.......#
.. #.....#.....#
. ##.....#.....#
.......<#....#


You could see a jelly.

Vanquished Creatures
  A gnoll (D:1)
  4 endoplasms
  A giant cockroach (D:1)
  4 hobgoblins (D:1)
  3 jackals (D:1)
  A quokka (D:1)
  4 bats
  A frilled lizard (D:1)
  5 rats
24 creatures vanquished.

Notes
Turn   | Place    | Note
-------+----------+-------------------------------------------
     0 | D:1      | retardedninja the Naga Fighter began the quest for the Orb.
     0 | D:1      | Reached XP level 1. HP: 21/21 MP: 1/1
    38 | D:1      | HP: 1/21 [gnoll/+0 spear (4)]
    40 | D:1      | Reached XP level 2. HP: 2/28 MP: 2/2
   699 | D:1      | Reached XP level 3. HP: 31/34 MP: 3/3
  1410 | D:2      | Splashed by a jelly's acid

Illustrated notes

Levels and vault maps discovered:
D:1:      minmay_arrival_up_and_down, layout_basic
D:2:      layout_rooms, skrybe_limestone_x

Skill      XL: |  1  2  3 |
---------------+----------+-----
Shields        | 3 |  3.0
Fighting       | |  3.2
Axes           | |  2.8
Armour         | |  2.6

Action                     || total
---------------------------++-------
  Melee: War axe           ||    61
    Use: Potion            ||     1
 Armour: Scale mail        ||    33
  Dodge: Dodged            ||    39
  Block: Buckler           ||    16

Table legend: (Time is in decaauts)
 A = Elapsed time spent in this place.
 B = Non-inter-level travel time spent in this place.
 C = Inter-level travel time spent in this place.
 D = Time resting spent in this place.
 E = Time spent auto-exploring this place.
 F = Levels seen in this place.
 G = Mean time per level.
                   A        B        C        D        E       F      G
               +--------+--------+--------+--------+--------+-----+--------+
         Total |   1833 |   1810 |     23 |    276 |   1376 |   2 |  916.5 |
       Dungeon |   1833 |   1810 |     23 |    276 |   1376 |   2 |  916.5 |
               +--------+--------+--------+--------+--------+-----+--------+

Top non-repeatable levels by time:
     D:1: 1784 daAuts
     D:2: 48 daAuts
